 Dungeon Crawl Stone Soup version 0.29.0-4-gdea44cf6ec (webtiles) character file.

Game seed: 4873087658188784319

2687 qw the Grappler (level 9, 0/75 HPs)
             Began as a Ghoul Fire Elementalist on Aug 30, 2022.
             Slain by a killer bee (1 damage)
             ... on level 9 of the Dungeon.
             The game lasted 00:04:48 (5921 turns).

qw the Grappler (Ghoul Fire Elementalist)           Turns: 5921, Time: 00:04:49

Health: 0/75       AC: 14    Str: 16    XL:     9   Next: 64%
Magic:  10/10      EV:  7    Int: 10    God:
Gold:   40         SH:  0    Dex:  9    Spells: 10/11 levels left

rFire   . . .      SeeInvis .     - Unarmed
rCold   + . .      Faith    .   (no shield)
rNeg    + + +      Spirit   .   j - +0 chain mail
rPois   inf        Reflect  .   (no helmet)
rElec   .          Harm     .   m - scarf {repulsion}
rCorr   .          Rampage  .   o - +0 pair of gloves
Will    .....                   (no boots)
Stlth   ..........              e - amulet of regeneration
HPRegen 0.00/turn               k - +4 ring of protection
MPRegen 0.12/turn               (no ring)

@: inhibited regen, repel missiles
A: claws 1, cold resistance 1, negative energy resistance 3, inhibited
regeneration, torment resistance 2, devour on kill
a: no special abilities


You were on level 9 of the Dungeon.
You visited 2 branches of the dungeon, and saw 10 of its levels.

You collected 387 gold pieces.
You spent 347 gold pieces at shops.


Innate Abilities, Weirdness & Mutations

You are immune to poison.
You have sharp fingernails.
Your flesh is cold resistant. (rC+)
You are immune to negative energy. (rN+++)
You do not regenerate when monsters are visible.
You are immune to unholy pain and torment.
You thrive by killing the living.


   Skills:
 - Level 6.1 Fighting
 - Level 1.2 Throwing
 - Level 4.3 Armour
 - Level 1.7 Dodging
 - Level 2.1 Stealth
 + Level 11.1 Unarmed Combat
 - Level 1.7 Spellcasting
 - Level 0.7 Conjurations
 - Level 2.4 Fire Magic


You had 10 spell levels left.
You knew the following spells:

 Your Spells              Type           Power      Damage    Failure   Level
a - Foxfire               Conj/Fire      16%        2x1d4     95%         1

Your spell library contained the following spells:

 Spells                   Type           Power      Damage    Failure   Level
 Scorch                   Fire           10%        2d6       96%         2
 Conjure Flame            Conj/Fire      4%         6-21      100%        3
 Inner Flame              Hex/Fire       3%         N/A       100%        3
 Flame Wave               Conj/Fire      4%         2d5       100%        4

Inventory:

Armour
 j - a +0 chain mail (worn)
 l - a +0 plate armour
 m - a scarf of repulsion (worn)
 o - a +0 pair of gloves (worn)
 q - a +0 cloak
Jewellery
 e - an amulet of regeneration (around neck)
 k - a +4 ring of protection (left hand)
Scrolls
 a - a scroll of identify
 g - a scroll of amnesia {unknown}
Potions
 b - a potion of might
 c - a potion of mutation
 d - a potion of cancellation {unknown}
 f - 4 potions of haste
 h - 6 potions of curing
 n - 2 potions of resistance
 p - a potion of berserk rage {unknown}

Dungeon Overview and Level Annotations

Branches:
Dungeon (10/15)            Temple (1/1) D:6
   Lair: D:8-11         Orc: D:9-12

Altars:
Ashenzari
Dithmenos
Fedhas
Gozag
Hepliaklqana
Kikubaaqudgha
Makhleb
Nemelex Xobeh
Okawaru
Sif Muna
Trog
Uskayaw
Vehumet
Wu Jian
Yredelemnul

Shops:
D:2 *   D:6 :   D:7 !

Portals:
Bailey: D:7

Annotations:
D:3 1 runed translucent door, Crazy Yiuf
D:6 2 transporters, Grinder


Message History

The kobold brigand hits you with a +0 short sword.
The killer bee barely misses you.
The killer bee stings you but does no damage.
The killer bee stings you.
You hit the cyclops.
The cyclops is severely wounded.
The killer bee stings you. The killer bee barely misses you. x2
The cyclops closely misses you.
The kobold brigand hits you but does no damage.
You punch the cyclops! You punch the cyclops.
You kill the cyclops!
The killer bee barely misses you. x2
The killer bee stings you but does no damage. x2
The killer bee closely misses you. The killer bee barely misses you.
The kobold brigand hits you with a +0 short sword.
Your Armour skill gained 2 levels and is now at level 4!
You miss the kobold brigand.
The kobold brigand is lightly wounded.
The killer bee stings you but does no damage.
The killer bee barely misses you. The killer bee stings you.
You punch the kobold brigand!
The kobold brigand is moderately wounded.
The killer bee stings you but does no damage.
The killer bee barely misses you. The killer bee stings you.
The kobold brigand hits you with a +0 short sword.
Something hits you but does no damage. The killer bee stings you. x2
The killer bee closely misses you.
You closely miss the kobold brigand.
The kobold brigand is moderately wounded.
The killer bee barely misses you.
The killer bee stings you but does no damage.
The killer bee barely misses you.
The kobold brigand hits you but does no damage.
Something hits you. The killer bee barely misses you.
The killer bee stings you but does no damage. x2
You hit the kobold brigand.
The kobold brigand is moderately wounded.
The killer bee stings you but does no damage.
The killer bee stings you.
You die...

############++###
##...............#
#?...............#
#..##.#.###.###.##
##:.###.###.#.###.#
#....#..y.........#
#..yyy......).#
.....#.K@#####'%###
#.#.##.{## ##..# #.#
#.?#####'..######### #..
...(##....#..........
.....[(###....#..........
#...### #....#..........
#..# #.....#..........
#.. ####..#.....##### ..
####.....# #


You could see a kobold brigand and 4 killer bees.

Vanquished Creatures
  A cyclops (D:9)
  A wyvern (D:9)
  A black bear (D:5)
  2 ice beasts
  An orc warrior (D:9)
  3 ogres (D:5)
  2 centaurs
  A kobold brigand (D:9)
  3 phantoms (D:6)
  A bullfrog (D:7)
  4 necrophages
  Blork the orc (D:5)
  3 scorpions
  A howler monkey (D:9)
  3 jellies
  5 hounds
  Terence (D:3)
  2 iguanas
  3 orc wizards
  8 adders
  2 white imps
  2 ufetubi
  A worm (D:2)
  10 orcs
  6 ball pythons
  3 bats (D:3)
  3 endoplasms
  9 goblins
  5 hobgoblins
  4 jackals (D:2)
  5 kobolds
  3 quokkas
  2 frilled lizards
  2 rats (D:2)
104 creatures vanquished.

Notes
Turn   | Place    | Note
-------+----------+-------------------------------------------
     0 | D:1      | qw the Ghoul Fire Elementalist began the quest for the Orb.
     0 | D:1      | Reached XP level 1. HP: 14/14 MP: 2/2
     0 | D:1      | 0 ||| qw: Version: 0.1-a-90-g952f4b7
     0 | D:1      | 0 ||| qw: Game counter: 4348
     0 | D:1      | 0 ||| qw: Always use a shield: true
     0 | D:1      | 0 ||| qw: God list: Okawaru
     0 | D:1      | 0 ||| qw: Allow faded altars: false
     0 | D:1      | 0 ||| qw: Do Orc after D:15 true
     0 | D:1      | 0 ||| qw: Do second Lair branch before Depths: true
     0 | D:1      | 0 ||| qw: Lair rune preference: random
     0 | D:1      | 0 ||| qw: Plans: Normal
     0 | D:1      | 0 ||| PLANNING D:1-11
   250 | D:1      | Reached skill level 1 in Unarmed Combat
   764 | D:1      | 764 ||| UPGRADING to +0 ring mail.
   774 | D:1      | 774 ||| DROPPING +0 robe.
   775 | D:1      | 775 ||| UPGRADING to amulet of regeneration.
   780 | D:1      | 780 ||| READING scroll labelled TAEQEEMN NIYLAFA.
   781 | D:1      | 781 ||| READING scroll labelled JUWEMOGUCES.
   782 | D:1      | 782 ||| READING scroll labelled ZECVYCR JYNLU.
   783 | D:1      | 783 ||| READING scroll labelled KOBIEG ZALUZYE.
   784 | D:1      | 784 ||| DRINKING 2 sedimented golden potions.
   785 | D:1      | 785 ||| DRINKING 2 fuming sapphire potions.
   786 | D:1      | 786 ||| DROPPING potion of magic.
   826 | D:2      | Reached skill level 1 in Fighting
   826 | D:2      | Reached XP level 2. HP: 23/23 MP: 3/3
   947 | D:2      | Reached skill level 2 in Unarmed Combat
   956 | D:2      | Reached XP level 3. HP: 12/28 MP: 4/4
   959 | D:2      | 959 ||| FLEEEEING.
   960 | D:2      | 960 ||| FLEEEEING.
   961 | D:2      | 961 ||| STAIRDANCE
  1233 | D:2      | Reached skill level 3 in Unarmed Combat
  1294 | D:2      | Found Piwkoz's Assorted Antiques.
  1300 | D:2      | 1300 ||| BUYING coppery potion (26 gold).
  1300 | D:2      | Bought a coppery potion for 26 gold pieces
  1300 | D:2      | 1300 ||| BUYING fuming yellow potion (26 gold).
  1300 | D:2      | Bought a fuming yellow potion for 26 gold pieces
  1300 | D:2      | 1300 ||| SHOPLISTING potion of heal wounds (145 gold, have
                  | 39).
  1300 | D:2      | 1300 ||| BUYING scroll labelled GARUW MEAPS (29 gold).
  1300 | D:2      | Bought a scroll labelled GARUW MEAPS for 29 gold pieces
  1353 | D:2      | 1353 ||| Stepping ~*~*~tactically~*~*~ (stealth).
  1531 | D:2      | 1531 ||| Stepping ~*~*~tactically~*~*~ (stealth).
  1532 | D:2      | 1532 ||| Stepping ~*~*~tactically~*~*~ (stealth).
  1537 | D:2      | 1537 ||| Stepping ~*~*~tactically~*~*~ (stealth).
  1541 | D:2      | 1541 ||| Stepping ~*~*~tactically~*~*~ (stealth).
  1571 | D:2      | 1571 ||| DROPPING amulet of faith.
  1572 | D:2      | 1572 ||| READING scroll labelled GARUW MEAPS.
  1573 | D:2      | 1573 ||| DRINKING 2 fuming yellow potions.
  1574 | D:2      | 1574 ||| READING 3 scrolls of identify.
  1574 | D:2      | 1574 ||| IDENTIFYING fizzy grey potion
  1575 | D:2      | 1575 ||| READING 2 scrolls of identify.
  1575 | D:2      | 1575 ||| IDENTIFYING coppery potion
  1576 | D:2      | 1576 ||| DROPPING potion of lignification.
  1577 | D:2      | 1577 ||| DROPPING potion of flight.
  1637 | D:1      | 1637 ||| Stepping randomly (stuck).
  1675 | D:3      | Reached XP level 4. HP: 35/35 MP: 5/5
  1715 | D:3      | Identified the +4 rapier of Imbalance {antimagic, Dex+3}
  1788 | D:3      | 1788 ||| Stepping ~*~*~tactically~*~*~ (stealth).
  1812 | D:3      | Found a shadowy altar of Dithmenos.
  1813 | D:3      | 1813 ||| Stepping randomly (stuck).
  1814 | D:3      | 1814 ||| Stepping randomly (stuck).
  2012 | D:3      | Found a runed translucent door.
  2013 | D:3      | Noticed Crazy Yiuf
  2138 | D:3      | Noticed Terence
  2146 | D:3      | Killed Terence
  2147 | D:3      | Reached skill level 4 in Unarmed Combat
  2376 | D:3      | 2376 ||| UPGRADING to +0 scale mail.
  2386 | D:3      | 2386 ||| DROPPING +0 ring mail.
  2387 | D:3      | 2387 ||| READING scroll labelled REJONORAUD.
  2388 | D:3      | 2388 ||| READING scroll labelled JYACSI OSUFOX.
  2389 | D:3      | 2389 ||| READING scroll labelled TOSERIASOTEK.
  2468 | D:3      | 2468 ||| DRINKING 2 ruby potions.
  2540 | D:4      | 2540 ||| STAIRDANCE
  2587 | D:4      | Noticed a necrophage
  2602 | D:4      | Killed a necrophage
  2603 | D:4      | Reached skill level 3 in Fighting
  2603 | D:4      | Reached XP level 5. HP: 14/45 MP: 6/6
  2739 | D:4      | Found a broken altar of Ashenzari.
  3014 | D:4      | Reached skill level 5 in Unarmed Combat
  3210 | D:4      | Reached XP level 6. HP: 43/51 MP: 7/7
  3481 | D:5      | Entered Level 5 of the Dungeon
  3523 | D:5      | 3523 ||| Stepping ~*~*~tactically~*~*~ (hiding).
  3531 | D:5      | 3531 ||| Stepping ~*~*~tactically~*~*~ (stealth).
  3540 | D:5      | Noticed a black bear
  3546 | D:5      | Killed a black bear
  3547 | D:5      | Reached skill level 6 in Unarmed Combat
  3570 | D:5      | Reached skill level 1 in Armour
  3570 | D:5      | Reached XP level 7. HP: 57/57 MP: 8/8
  3575 | D:5      | 3575 ||| Stepping ~*~*~tactically~*~*~ (stealth).
  3618 | D:5      | HP: 9/57 [ogre/+0 giant club (23)]
  3619 | D:5      | 3619 ||| READING scroll of teleportation.
  3620 | D:5      | 3620 ||| DRINKING 2 potions of heal wounds.
  3624 | D:5      | Reached skill level 7 in Unarmed Combat
  3636 | D:5      | 3636 ||| Stepping ~*~*~tactically~*~*~ (stealth).
  3637 | D:5      | 3637 ||| Stepping ~*~*~tactically~*~*~ (stealth).
  3798 | D:5      | Reached skill level 8 in Unarmed Combat
  3864 | D:5      | Noticed Blork the orc
  3865 | D:5      | 3865 ||| Stepping ~*~*~tactically~*~*~ (hiding).
  3874 | D:5      | Killed Blork the orc
  3875 | D:5      | Reached XP level 8. HP: 67/67 MP: 9/9
  3887 | D:5      | Found a burning altar of Makhleb.
  3931 | D:5      | 3931 ||| Stepping ~*~*~tactically~*~*~ (stealth).
  4283 | D:5      | 4283 ||| UPGRADING to scarf of repulsion.
  4288 | D:5      | 4288 ||| UPGRADING to +4 ring of protection.
  4289 | D:5      | 4289 ||| READING scroll labelled SOF KAURPHUIV.
  4290 | D:5      | 4290 ||| READING 4 scrolls of identify.
  4290 | D:5      | 4290 ||| IDENTIFYING dark potion
  4291 | D:5      | 4291 ||| READING 3 scrolls of identify.
  4291 | D:5      | 4291 ||| IDENTIFYING inky potion
  4292 | D:5      | 4292 ||| READING 2 scrolls of identify.
  4292 | D:5      | 4292 ||| IDENTIFYING puce potion
  4293 | D:5      | 4293 ||| DROPPING potion of invisibility.
  4380 | D:6      | 4380 ||| Stepping ~*~*~tactically~*~*~ (stealth).
  4390 | D:6      | 4390 ||| Stepping ~*~*~tactically~*~*~ (outnumbered).
  4394 | D:6      | Reached skill level 9 in Unarmed Combat
  4452 | D:6      | 4452 ||| Stepping ~*~*~tactically~*~*~ (stealth).
  4454 | D:6      | 4454 ||| Stepping ~*~*~tactically~*~*~ (hiding).
  4527 | D:6      | Noticed a kobold demonologist
  4529 | D:6      | Found a transporter.
  4530 | D:6      | Noticed a troll
  4531 | D:6      | Found an iron altar of Okawaru.
  4533 | D:6      | Found a transporter.
  4678 | D:6      | Reached skill level 10 in Unarmed Combat
  4698 | D:6      | 4698 ||| Stepping ~*~*~tactically~*~*~ (outnumbered).
  4699 | D:6      | 4699 ||| Stepping ~*~*~tactically~*~*~ (outnumbered).
  4700 | D:6      | 4700 ||| Stepping ~*~*~tactically~*~*~ (outnumbered).
  4701 | D:6      | 4701 ||| STAIRDANCE
  4707 | D:5      | Reached skill level 1 in Throwing
  4711 | D:5      | 4711 ||| UPGRADING to +0 pair of gloves.
  4763 | D:6      | Found a staircase to the Ecumenical Temple.
  4764 | D:6      | 4764 ||| PLANNING TEMPLE
  4772 | Temple   | Entered the Ecumenical Temple
  4772 | Temple   | Found a transporter.
  4772 | Temple   | Found a transporter.
  4774 | Temple   | Found a transporter.
  4774 | Temple   | Found a transporter.
  4784 | Temple   | 4784 ||| PLANNING D:1-11
  4863 | D:6      | Found a blossoming altar of Fedhas.
  4920 | D:6      | Noticed Grinder
  4921 | D:6      | Found a bloodstained altar of Trog.
  4991 | D:6      | Found a hide-covered altar of Uskayaw.
  5024 | D:6      | Found Wegor Both's Vocational Training.
  5200 | D:6      | 5200 ||| READING scroll labelled FEANWUIWAST.
  5339 | D:6      | 5339 ||| READING scroll of teleportation.
  5340 | D:6      | 5340 ||| STAIRDANCE
  5420 | D:7      | Reached XP level 9. HP: 74/75 MP: 10/10
  5468 | D:7      | Found an ornate altar of the Wu Jian Council.
  5474 | D:7      | Reached skill level 6 in Fighting
  5535 | D:7      | 5535 ||| Stepping ~*~*~tactically~*~*~ (stealth).
  5568 | D:7      | Found a flagged portal.
  5634 | D:7      | Found Boeskoy's Distillery.
  5640 | D:7      | 5640 ||| BUYING potion of curing (42 gold).
  5640 | D:7      | Bought a potion of curing for 42 gold pieces
  5640 | D:7      | 5640 ||| BUYING potion of curing (42 gold).
  5640 | D:7      | Bought a potion of curing for 42 gold pieces
  5640 | D:7      | 5640 ||| BUYING potion of curing (42 gold).
  5640 | D:7      | Bought a potion of curing for 42 gold pieces
  5640 | D:7      | 5640 ||| BUYING potion of haste (140 gold).
  5640 | D:7      | Bought a potion of haste for 140 gold pieces
  5640 | D:7      | 5640 ||| SHOPLISTING potion of haste (140 gold, have 26).
  5640 | D:7      | 5640 ||| SHOPLISTING potion of heal wounds (70 gold, have
                  | 26).
  5778 | D:7      | You fall into a shaft and drop 3 floors!
  5778 | D:10     | Entered Level 10 of the Dungeon
  5781 | D:10     | 5781 ||| UPGRADING to +0 chain mail.
  5791 | D:10     | 5791 ||| DROPPING +0 scale mail.
  5824 | D:9      | 5824 ||| Stepping ~*~*~tactically~*~*~ (outnumbered).
  5828 | D:9      | 5828 ||| Stepping ~*~*~tactically~*~*~ (outnumbered).
  5857 | D:9      | Reached skill level 11 in Unarmed Combat
  5894 | D:9      | Noticed a cyclops
  5909 | D:9      | 5909 ||| Stepping ~*~*~tactically~*~*~ (outnumbered).
  5914 | D:9      | HP: 6/75 [cyclops (23)]
  5915 | D:9      | 5915 ||| DRINKING potion of heal wounds.
  5917 | D:9      | Killed a cyclops
  5919 | D:9      | HP: 12/75 [killer bee (2)]
  5919 | D:9      | HP: 2/75 [killer bee (5)]
  5921 | D:9      | Slain by a killer bee

Levels and vault maps discovered:
D:1:      spicycebolla_arrival_ecumenical, layout_loops_ring
D:2:      layout_basic, serial_shops, nicolae_shop_advertising_works
          [nicolae_subvault_shop_adworks]
D:3:      layout_basic, mainiacjoe_overflow_cross_hatched,
          uniq_crazy_yiuf_cottage, uniq_terence
D:4:      layout_basic, mainiacjoe_overflow_24_doors
D:5:      layout_loops_ring, mainiacjoe_overflow_boulevard, uniq_blork_the_orc
D:6:      layout_loops_ring, gammafunk_temple_overflow_arena,
          lemuel_round_altar, nicolae_overflow_hidden_temple, fedhas_altar_2,
          minmay_temple_entry_antechambers, nicolae_shop_vocational,
          uniq_grinder
D:7:      layout_cave_pools, nicolae_wu_jian_glorious_leap, enter_bailey_3,
          serial_shops, shop, kennysheep_generic_room_13
D:9:      layout_irregular_city, xom_butterflies, hangedman_corner_corridor
D:10:     layout_loops_ring, kennysheep_generic_room_9
Temple:   hellmonk_temple_divided_pantheon

Skill      XL: |  1  2  3  4  5  6  7  8  9 |
---------------+----------------------------+-----
Unarmed Combat | 1 2 3 4 5 6 8 10 11 | 11.1
Fighting       | 1 3 4 5 6 |  6.1
Armour         | 1 2 4 |  4.3
Throwing       | 1 |  1.2
Dodging        | |  1.7
Stealth        | |  2.1
Spellcasting   | |  1.7
Conjurations   | |  0.7
Fire Magic     | |  2.4

Action                   |  1- 3 |  4- 6 |  7- 9 || total
-------------------------+-------+-------+-------++-------
Melee: Unarmed           |    77 |   103 |   214 ||   394
       Punch             |     1 |     3 |     7 ||    11
Throw: Boomerang         |     8 |    39 |    48 ||    95
  Use: Scroll            |     7 |     3 |     7 ||    17
       Potion            |     3 |     1 |     2 ||     6
Armor: Robe              |     3 |       |       ||     3
       Ring mail         |    29 |     2 |       ||    31
       Scale mail        |       |    28 |    63 ||    91
       Chain mail        |       |       |    40 ||    40
Dodge: Dodged            |    37 |    29 |    82 ||   148
       Repelled          |       |       |     1 ||     1

Table legend:
 A = Non-vault XP
 B = Vault XP
 C = Vault XP percentage of total XP
 D = Non-vault monster count
 E = Vault monster count
 F = Vault count percentage of total count
                 A         B        C        D         E       F
            +---------+---------+-------+---------+---------+-------
      Total |    2830 |    1009 |  26.3 |      94 |      10 |   9.6
            +---------+---------+-------+---------+---------+-------
        D:1 |       9 |       0 |   0.0 |       5 |       0 |   0.0
        D:2 |      71 |       0 |   0.0 |      20 |       0 |   0.0
        D:3 |      16 |      36 |  69.2 |       9 |       1 |  10.0
        D:4 |     190 |       0 |   0.0 |      14 |       0 |   0.0
        D:5 |    1174 |      85 |   6.8 |      22 |       1 |   4.3
        D:6 |     696 |       0 |   0.0 |      12 |       0 |   0.0
        D:7 |     450 |       8 |   1.7 |       8 |       4 |  33.3
        D:9 |     224 |     880 |  79.7 |       4 |       4 |  50.0
            +---------+---------+-------+---------+---------+-------
